AoeStats
← Yuklennnnnn

Arabia

507351120Analyzed
3v3 RM · 15d ago on Sep 17, 2026· 114m 14s· 6 players
Game mode
Random Map
Map size
Normal (6 player)
Population
200
Speed
Normal
Resources
Standard
Victory
Conquest
Starting age
Dark Age
Ending age
Imperial Age
RankedLock teamsTeams togetherTeam positionsShared explorationLock speedFull tech treeHidden civsTurbo modeCheats
Victory
Defeat
🇹🇷 Turks · Türkiye
390
+21
🇺🇸 Byzantines · United States
360
+22
🇪🇸 Turks · Spain
357
+22
🇫🇷 Mongols · France
534
-22
🇨🇴 Saracens · Colombia
511
-22
🇧🇷 Franks · Brazil
478
-21
Apexius
2:35 Loom
18:24 Feudal Age
19:41 Wheelbarrow
20:52 Horse Collar
23:17 Forging
23:19 Double-Bit Axe
25:13 Gold Mining
25:16 Stone Mining
27:41 Fletching
28:01 Scale Barding Armor
30:31 Castle Age
29:08 Scale Mail Armor
29:08 Padded Archer Armor
31:14 Caravan
31:47 Hand Cart
32:09 Stone Shaft Mining
31:04 Pikeman
34:16 Heavy Plow
36:36 Gold Shaft Mining
37:06 Chain Mail Armor
37:55 Fervor
38:06 Sanctity
38:27 Squires
44:37 Imperial Age
43:36 Iron Casting
43:22 Chain Barding Armor
44:16 Ballistics
43:52 Murder Holes
44:22 Bow Saw
46:40 Logistica
46:36 Bodkin Arrow
50:59 Hoardings
50:49 Conscription
51:32 Chemistry
51:02 Halberdier
53:21 Elite Cataphract
56:45 Husbandry
57:30 Plate Barding Armor
56:58 Bracer
61:09 Guilds
68:17 Arson
104:12 Plate Mail Armor
sstylevines
0:58 Loom
6:36 Loom
21:18 Feudal Age
22:53 Wheelbarrow
22:12 Horse Collar
22:20 Double-Bit Axe
27:29 Forging
27:10 Fletching
27:22 Padded Archer Armor
27:23 Scale Mail Armor
27:28 Scale Barding Armor
35:30 Castle Age
36:48 Hand Cart
38:41 Coinage
38:13 Caravan
41:14 Gold Mining
41:15 Stone Mining
44:10 Gold Shaft Mining
47:18 Iron Casting
46:38 Bodkin Arrow
46:59 Leather Archer Armor
47:00 Chain Mail Armor
49:52 Imperial Age
50:33 Elite Janissary
57:08 Banking
56:50 Guilds
59:37 Blast Furnace
58:38 Bracer
59:09 Ring Archer Armor
59:00 Chain Barding Armor
59:10 Plate Mail Armor
58:12 Heavy Scorpion
61:44 Banking
61:29 Guilds
66:29 Bow Saw
69:02 Two-Man Saw
68:20 Heavy Plow
78:37 Plate Barding Armor
Yuklennnnnn
12:44 Feudal Age
13:55 Horse Collar
14:12 Double-Bit Axe
21:37 Wheelbarrow
25:00 Castle Age
25:58 Bow Saw
25:52 Heavy Plow
32:02 Hand Cart
41:01 Imperial Age
41:40 Sipahi
41:33 Husbandry
41:43 Bloodlines
43:02 Elite Janissary
43:43 Artillery
45:25 Cavalier
45:26 Heavy Camel Rider
46:23 Gold Mining
46:24 Stone Mining
46:49 Scale Barding Armor
46:44 Scale Mail Armor
46:55 Forging
48:26 Conscription
52:06 Sappers
53:13 Hoardings
57:49 Iron Casting
57:30 Chain Mail Armor
57:36 Chain Barding Armor
60:43 Plate Mail Armor
61:46 Blast Furnace
61:23 Plate Barding Armor
SLOW SELINE1975
11:09 Feudal Age
11:40 Double-Bit Axe
12:28 Horse Collar
19:34 Castle Age
21:59 Heavy Plow
25:43 Wheelbarrow
25:02 Loom
25:58 Bow Saw
25:15 Pikeman
25:55 Squires
28:33 Hand Cart
28:12 Town Watch
29:04 Husbandry
30:06 Bloodlines
29:16 Light Cavalry
30:21 Murder Holes
36:19 Town Patrol
42:11 Imperial Age
42:22 Imperial Age
39:59 Caravan
43:43 Stone Mining
43:44 Gold Mining
43:58 Scale Mail Armor
43:58 Padded Archer Armor
43:49 Fletching
44:09 Forging
44:03 Elite Mameluke
45:40 Counterweights
46:01 Onager
47:30 Parthian Tactics
48:01 Iron Casting
47:35 Heavy Camel Rider
56:29 Bodkin Arrow
57:36 Blast Furnace
56:42 Scale Barding Armor
56:52 Chain Mail Armor
56:53 Leather Archer Armor
armand.clement.1234
0:29 Loom
14:18 Feudal Age
15:09 Double-Bit Axe
15:10 Horse Collar
15:55 Gold Mining
16:24 Stone Mining
25:35 Castle Age
24:19 Fletching
25:15 Padded Archer Armor
25:25 Scale Barding Armor
26:33 Bodkin Arrow
26:52 Bow Saw
26:46 Heavy Plow
28:29 Nomads
30:02 Gold Shaft Mining
30:20 Chain Barding Armor
30:40 Caravan
33:43 Wheelbarrow
35:05 Hand Cart
35:33 Stone Shaft Mining
35:17 Leather Archer Armor
39:13 Imperial Age
39:41 Masonry
39:35 Murder Holes
40:04 Ballistics
40:55 Hoardings
41:34 Conscription
42:25 Husbandry
45:22 Chemistry
45:02 Bracer
45:24 Bloodlines
46:12 Sappers
48:54 Parthian Tactics
48:36 Thumb Ring
50:16 Elite Mangudai
54:18 Heavy Cavalry Archer
66:35 Elite Skirmisher
Apollo 1984
9:42 Loom
12:40 Feudal Age
20:23 Scale Barding Armor
20:28 Forging
26:32 Castle Age
31:17 Double-Bit Axe
35:03 Iron Casting
34:48 Chain Barding Armor
34:59 Chain Barding Armor
36:04 Wheelbarrow
39:46 Bow Saw
48:21 Imperial Age
49:12 Cavalier
52:08 Blast Furnace
54:56 Hand Cart
66:55 Stone Mining
66:56 Gold Mining
69:14 Chemistry
Connection lost

Rejoining the realm…

Still unreachable

The connection could not be restored.

Session expired

The server has moved on; the page needs a fresh start.